 Dungeon Crawl Stone Soup version 0.23.2-1-ga50397a (webtiles) character file.

Game seed: 9111235821764181748

4076 bartek7090 the Carver (level 10, -12/83 HPs)
             Began as a Demonspawn Berserker on May 9, 2019.
             Was an Elder of Trog.
             Mangled by a troll (14 damage)
             ... while paralysed
             ... on level 8 of the Dungeon.
             The game lasted 00:15:04 (8356 turns).

bartek7090 the Carver (Demonspawn Berserker)        Turns: 8356, Time: 00:15:05

Health: -12/83     AC: 19    Str: 21    XL:     10   Next: 5%
Magic:  10/10      EV:  2    Int:  8    God:    Trog [****..]
Gold:   168        SH:  0    Dex: 18    Spells: 9/9 levels left

rFire    + + .     SeeInvis .   i - +3 great sword
rCold    . . .     Gourm    .   (shield currently unavailable)
rNeg     . . .     Faith    .   n - +3 chain mail {rC+}
rPois    .         Spirit   .   j - +0 helmet
rElec    .         Reflect  .   (no cloak)
rCorr    .         Harm     .   (no gloves)
MR       .....                  y - +2 pair of boots {run}
Stlth    ..........             (no amulet)
HPRegen  0.23/turn              q - ring of fire
MPRegen  0.12/turn              r - +5 ring of dexterity

@: paralysed, fainting, quick
A: molten scales 3, nightstalker 1
a: Berserk, Trog's Hand, Brothers in Arms, Renounce Religion


You were on level 8 of the Dungeon.
You worshipped Trog.
Trog was greatly pleased with you.
You were fainting.

You visited 1 branch of the dungeon, and saw 8 of its levels.

You collected 340 gold pieces.
You spent 172 gold pieces at shops.

Inventory:

Hand Weapons
 i - a +3 great sword (weapon)
Armour
 j - a +0 helmet (worn)
 n - a +3 chain mail of cold resistance (worn)
 y - a +2 pair of boots of running (worn)
Jewellery
 a - an uncursed amulet of harm {unknown}
 q - a ring of fire (left hand)
 r - a +5 ring of dexterity (right hand)
 C - an uncursed ring of fire
Wands
 c - a wand of enslavement (7)
 l - a wand of paralysis (7)
 w - a wand of scattershot (4)
Scrolls
 b - 2 scrolls of remove curse
 f - 3 scrolls of teleportation
 g - a scroll of immolation
 h - 5 scrolls of amnesia
 k - a scroll of random uselessness
 m - a scroll of fear
 p - a scroll of fog
 u - a scroll of magic mapping
 v - 2 scrolls of noise
 A - 2 scrolls of identify
Potions
 d - 2 potions of lignification
 e - 6 potions of curing
 o - a potion of resistance {unknown}
 s - 2 potions of brilliance
 t - 2 potions of flight
 x - a potion of haste {unknown}
 z - a potion of might {unknown}
 B - 2 potions of degeneration {unknown}


   Skills:
 + Level 9.0 Fighting
 * Level 11.1 Long Blades
 - Level 1.7 Armour
 - Level 1.7 Dodging


You had 9 spell levels left.
You didn't know any spells.
Your spell library was empty.

Dungeon Overview and Level Annotations

Branches:
Dungeon (8/15)             Temple (0/1) D:5
   Lair: D:8-11

Altars:
Elyvilon
Fedhas
Qazlal
Ru
Sif Muna
Trog

Shops:
D:7 *

Annotations:
D:6 3 runed translucent doors, poirepourri's ghost, novice MfTm


Innate Abilities, Weirdness & Mutations

You are completely covered in molten scales. (AC +4, rF+)
You are slightly more attuned to the shadows.


Message History

The troll bites you!
* * * LOW HITPOINT WARNING * * *
The troll claws you but does no damage. x2
You slice the troll!!
The troll is almost dead.
You lose consciousness!
The troll bites you.
* * * LOW HITPOINT WARNING * * *
The troll claws you but does no damage. The troll claws you!
* * * LOW HITPOINT WARNING * * *
The troll bites you but does no damage. The troll claws you!
* * * LOW HITPOINT WARNING * * *
The troll claws you but does no damage. The troll barely misses you.
The troll claws you.
* * * LOW HITPOINT WARNING * * *
The troll barely misses you. The troll bites you but does no damage.
The troll completely misses you. The troll claws you but does no damage.
The troll bites you!
You die...

#######
#..............
#.)))###.###### #.
.#....# #.#
##.####.#....#
#.######
.......#....#
#..)....
#.....#....#########.
...... +...........
...>.... ......
#.....####.## #.####.
.≈.... #...@.......
#......
......###...T#####.
#.#.###
......#.'.....# ..
#.<.. ......#.#.....#
#. #..#.
........#####.# ..
#..# ##.###....<# .#
# #.## #.######+# .$#
####+###........ ####
.......'..≈≈......#


You could see a troll.

Vanquished Creatures
  2 hornets
  Grinder (D:4)
  2 hippogriffs (D:7)
  3 yaks (D:7)
  Eustachio (D:6)
  A hungry ghost (D:7)
  Duvessa (D:6)
  A sky beast (D:5)
  2 ogres
  3 centaurs
  A big kobold (D:8)
  5 bullfrogs
  4 scorpions
  Dowan (D:6)
  4 wights
  2 crimson imps
  3 bullfrog zombies (D:7)
  A quasit (D:5)
  A hound (D:5)
  A gnoll shaman (D:6)
  A jelly (D:5)
  4 orc priests
  An iguana (D:7)
  8 orc wizards
  4 worker ants
  6 gnolls
  11 adders
  A shadow imp (D:7)
  An ooze (D:3)
  3 worms
  2 adder skeletons
  2 dart slugs (D:1)
  4 leopard geckos
  31 orcs
  2 ball pythons
  5 bats
  3 giant cockroaches
  2 goblins
  3 hobgoblins
  2 jackals (D:5)
  7 kobolds
  2 quokkas
  6 frilled lizards
  A jackal zombie (D:7)
  A leopard gecko skeleton (D:7)
  A quokka skeleton (D:3)
  A quokka zombie (D:7)
  6 rats
161 creatures vanquished.

Notes
Turn   | Place    | Note
-------+----------+-------------------------------------------
     0 | D:1      | bartek7090 the Demonspawn Berserker began the quest for the
                  | Orb.
     0 | D:1      | Reached XP level 1. HP: 18/18 MP: 1/1
   165 | D:1      | Reached skill level 3 in Long Blades
   167 | D:1      | Gained mutation: You are slightly more attuned to the
                  | shadows. [demonic ancestry]
   167 | D:1      | Reached XP level 2. HP: 19/24 MP: 2/2
  1008 | D:2      | Reached XP level 3. HP: 29/29 MP: 3/3
  1636 | D:2      | Found a sacrificial altar of Ru.
  1882 | D:3      | Reached skill level 4 in Long Blades
  1882 | D:3      | Reached XP level 4. HP: 37/37 MP: 4/4
  2056 | D:3      | Found a deep blue altar of Sif Muna.
  2425 | D:3      | Reached ** piety under Trog
  2769 | D:4      | Found a stormy altar of Qazlal.
  2806 | D:4      | Gained mutation: You are partially covered in molten
                  | scales. (AC +2) [demonic ancestry]
  2806 | D:4      | Reached XP level 5. HP: 39/42 MP: 5/5
  2826 | D:4      | Reached skill level 5 in Long Blades
  3314 | D:4      | Gained mutation: You are mostly covered in molten scales.
                  | (AC +3) [demonic ancestry]
  3314 | D:4      | Reached XP level 6. HP: 49/49 MP: 6/6
  3623 | D:4      | Noticed Grinder
  3635 | D:4      | Killed Grinder
  3635 | D:4      | Reached skill level 5 in Fighting
  3635 | D:4      | Reached skill level 6 in Long Blades
  3635 | D:4      | Reached XP level 7. HP: 56/56 MP: 7/7
  3999 | D:5      | Entered Level 5 of the Dungeon
  4314 | D:5      | You fall through a shaft for 3 floors!
  4324 | D:8      | Reached skill level 7 in Long Blades
  4577 | D:7      | Reached XP level 8. HP: 63/64 MP: 8/8
  4621 | D:6      | Found a runed translucent gate.
  4621 | D:6      | Found a runed translucent gate.
  4621 | D:6      | Found a runed translucent gate.
  4697 | D:6      | Reached *** piety under Trog
  4944 | D:5      | Found a staircase to the Ecumenical Temple.
  4992 | D:5      | Reached skill level 8 in Long Blades
  5089 | D:5      | Found a white marble altar of Elyvilon.
  5100 | D:5      | Found a bloodstained altar of Trog.
  5962 | D:5      | Got a dazzling ring mail
  5973 | D:5      | Identified the cursed +0 ring mail of Exclusion {+Inv +Fly
                  | Dex+2} (You found it on level 5 of the Dungeon)
  6015 | D:6      | Noticed Duvessa
  6015 | D:6      | Noticed Dowan
  6584 | D:6      | Killed Dowan
  6590 | D:6      | Killed Duvessa
  6590 | D:6      | Reached skill level 9 in Long Blades
  6866 | D:6      | Noticed Eustachio
  6875 | D:6      | Killed Eustachio
  6875 | D:6      | Reached XP level 9. HP: 72/72 MP: 9/9
  7043 | D:6      | Found a blossoming altar of Fedhas.
  7126 | D:6      | Noticed poirepourri's ghost (novice MfTm)
  7628 | D:7      | Reached skill level 10 in Long Blades
  7995 | D:7      | Reached **** piety under Trog
  8152 | D:7      | Found Zofismann's Assorted Antiques.
  8156 | D:7      | Bought a pair of runed boots for 172 gold pieces
  8161 | D:7      | Identified a +2 pair of boots of running (You bought it in
                  | a shop on level 7 of the Dungeon)
  8189 | D:8      | Reached skill level 11 in Long Blades
  8258 | D:8      | Paralysed by a hornet for 2 turns
  8263 | D:8      | Paralysed by a hornet for 2 turns
  8267 | D:8      | Gained mutation: You are completely covered in molten
                  | scales. (AC +4, rF+) [demonic ancestry]
  8267 | D:8      | Reached XP level 10. HP: 46/82 MP: 10/10
  8353 | D:8      | Paralysed by fainting for 10 turns
  8353 | D:8      | HP: 4/83 [troll (8)]
  8356 | D:8      | Mangled by a troll

Skill      XL: |  1  2  3  4  5  6  7  8  9 10 |
---------------+-------------------------------+-----
Long Blades    | 3 4 5 6 7 9 11 | 11.1
Fighting       | 4 5 6 7 8 9 |  9.0
Armour         | |  1.7
Dodging        | |  1.7

Action                   |  1- 3 |  4- 6 |  7- 9 | 10-12 || total
-------------------------+-------+-------+-------+-------++-------
Melee: Falchion          |   103 |   111 |   294 |       ||   508
       Great sword       |       |       |   114 |    21 ||   135
Invok: Berserk           |     2 |     7 |     9 |       ||    18
       Trog's Hand       |       |     1 |     2 |       ||     3
  Use: Scroll            |     2 |       |    14 |     1 ||    17
       Potion            |     1 |       |     1 |       ||     2
 Stab: Sleeping          |     1 |       |       |       ||     1
  Eat: Chunk             |     4 |     5 |     1 |       ||    10
       Ration            |     1 |     1 |    10 |       ||    12
Armor: Animal skin       |    19 |       |       |       ||    19
       Chain mail        |    38 |    64 |   259 |    15 ||   376
       Ring mail         |       |       |    42 |       ||    42
Dodge: Dodged            |    64 |    58 |   177 |    18 ||   317
Block: Buckler           |       |       |    64 |       ||    64
       Rpst.: Falchion   |    18 |    18 |    24 |       ||    60
       Great sword       |       |       |    24 |     3 ||    27
